 Dungeon Crawl Stone Soup version 0.25.1-2-g60ff931df9 (webtiles) character file.

Game seed: 13784871304791072021

35 hawla the Conjurer (level 3, 0/26 HPs)
             Began as a Draconian Conjurer on Nov 17, 2020.
             Slain by a goblin (4 damage)
             ... led by Robin
             ... on level 2 of the Dungeon.
             The game lasted 00:03:38 (1163 turns).

hawla the Conjurer (Draconian Conjurer)             Turns: 1163, Time: 00:03:39

Health: 0/26       AC:  5    Str: 10    XL:     3   Next: 16%
Magic:  0/7        EV: 12    Int: 16    God:
Gold:   29         SH:  0    Dex: 11    Spells: 5/8 levels left

rFire    + . .     SeeInvis .   (no weapon)
rCold    . . .     Gourm    .   (no shield)
rNeg     . . .     Faith    .   (armour unavailable)
rPois    .         Spirit   .   (helmet restricted)
rElec    .         Reflect  .   (no cloak)
rCorr    .         Harm     .   (no gloves)
MR       .....                  (no boots)
Stlth    ++........             (no amulet)
HPRegen  0.08/turn              c - ring of protection from fire
MPRegen  0.10/turn              (no ring)

@: no status effects
A: unfitting armour, cold-blooded, AC +5
a: no special abilities


You were on level 2 of the Dungeon.
You were not hungry.

You visited 1 branch of the dungeon, and saw 2 of its levels.

You collected 29 gold pieces.

Inventory:

Jewellery
 c - a ring of protection from fire (left hand)
Potions
 d - a potion of curing
 e - a potion of might {unknown}
Comestibles
 b - 3 rations


   Skills:
 - Level 1.7 Dodging
 - Level 1.7 Stealth
 + Level 3.4 Spellcasting
 - Level 4.0 Conjurations


You had 5 spell levels left.
You knew the following spells:

 Your Spells              Type           Power        Failure   Level  Hunger
a - Magic Dart            Conj           ###.         3%          1    None
b - Searing Ray           Conj           ###...       5%          2    ##.....

Your spell library contained the following spells:

 Spells                   Type           Power        Failure   Level  Hunger
 Dazzling Flash           Conj/Hex       #.....       24%         3    ###....
 Fulminant Prism          Conj/Hex       #.........   61%         4    ####...
 Iskenderun's Mystic Bla  Conj/Tloc      #.......     61%         4    ####...


Dungeon Overview and Level Annotations

Branches:
Dungeon (2/15)

Altars:


Innate Abilities, Weirdness & Mutations

Your plain brown scales are hard. (AC +5)
You cannot fit into any form of body armour.
You are cold-blooded and may be slowed by cold attacks.


Message History

You hit the hobgoblin.
The hobgoblin is severely wounded.
The goblin closely misses you. x2; The hobgoblin hits you.
* * * LOW HITPOINT WARNING * * *
You closely miss the hobgoblin.
Your tail-slap misses the hobgoblin.
The hobgoblin is severely wounded.
The goblin completely misses you. The goblin closely misses you.
The hobgoblin hits you but does no damage.
Unknown command.
You hit the hobgoblin but do no damage. You tail-slap the hobgoblin.
You kill the hobgoblin!
The goblin barely misses you. x2
You miss the leopard gecko.
The leopard gecko bites you but does no damage.
The goblin misses you. The goblin hits you but does no damage.
The leopard gecko closely misses you.
You hit the leopard gecko.
The leopard gecko is moderately wounded.
The goblin hits you.
You die...

.......
#+#.... #
.... ..
..> #.#
.... ####
.
#####....
#@lg..#
#gg...#
#gg..=#
+..).....
#.....##.
#.....#
#...#.#
#...#.#


You could see a leopard gecko and 5 goblins.

Vanquished Creatures
  Robin (D:2)
  A dart slug (D:1)
  2 giant cockroaches (D:1)
  4 goblins
  5 hobgoblins
  A ball python (D:1)
  2 bats (D:1)
  2 frilled lizards (D:1)
  A kobold (D:1)
  2 rats (D:1)
21 creatures vanquished.

Notes
Turn   | Place    | Note
-------+----------+-------------------------------------------
     0 | D:1      | hawla the Draconian Conjurer began the quest for the Orb.
     0 | D:1      | Reached XP level 1. HP: 14/14 MP: 3/3
   513 | D:1      | Reached XP level 2. HP: 10/20 MP: 0/5
  1075 | D:1      | Learned a level 2 spell: Searing Ray
  1136 | D:2      | Noticed Robin
  1138 | D:2      | Killed Robin
  1139 | D:2      | Reached XP level 3. HP: 25/26 MP: 2/7
  1163 | D:2      | Slain by a goblin

Illustrated notes

Levels and vault maps discovered:
D:1:      ebering_trefoil_3fold, layout_basic, minmay_stone_trees_medium
D:2:      layout_basic, uniq_robin

Skill      XL: |  1  2 |
---------------+-------+-----
Spellcasting   | 3 |  3.4
Dodging        | |  1.7
Stealth        | |  1.7
Conjurations   | |  4.0

Action                   || total
-------------------------++-------
Melee: Unarmed           ||    35
       Tailslap          ||     2
 Cast: Magic Dart        ||    31
       Searing Ray       ||     1
  Use: Scroll            ||     3
  Eat: Chunk             ||     1
Armor: Skin              ||    33
Dodge: Dodged            ||    61
